 Dungeon Crawl Stone Soup version 0.11.0-9-gb634444 (webtiles) character file.

7354032 zkyp the Archmage (level 27, 271/271 HPs)
             Began as a Yellow Draconian Conjurer on Dec 11, 2012.
             Was the Champion of Ashenzari.
             Escaped with the Orb
             ... and 15 runes on Dec 12, 2012!
             The game lasted 16:14:23 (252477 turns).

zkyp the Archmage (Yellow Draconian Conjurer)     Turns: 252477, Time: 16:14:23

HP 271/271       AC 23     Str 16      XL: 27
MP  49/49        EV 27     Int 30      God: Ashenzari [******]
Gold 4324        SH 53     Dex 12      Spells: 17 memorised,  2 levels left

Res.Fire  : + + +   See Invis. : +   b - +9 sacred scourge (holy)
Res.Cold  : + + .   Warding    : .   (armour unavailable)
Life Prot.: + . .   Conserve   : +   W - +3 large shield of Nala {+Blink rF+ rC+ rN
Res.Poison: +       Res.Corr.  : +   c - +2 wizard hat (curse)
Res.Elec. : +       Clarity    : +   v - +2 elf cloak {rCorr, Cons} (curse)
Sust.Abil.: + .     Spirit.Shd : .   e - +1 pair of gloves of Hoyruyga {rF++}
Res.Mut.  : +       Stasis     : .   w - +2 pair of boots {Lev} (curse)
Res.Rott. : .       Ctrl.Telep.: x   U - cursed amulet of resist mutation
Saprovore : . . .   Levitation : +   i - cursed ring "Mnomeng" {Str+3 Int+4 Dam+8} Ctrl.Flight: +
                                     y - cursed ring "Ymaysuv" {SustAb +Rage rElec

@: flying, quite resistant to hostile enchantments, stealthy
A: spit acid, acid resistance, unfitting armour, acidic bite
a: Spit Acid, Scrying, Transfer Knowledge, Renounce Religion, Evoke Blink, Evoke
Berserk Rage, Stop Levitating
}: 15/15 runes: decaying, slimy, silver, golden, iron, obsidian, icy, bone,
abyssal, demonic, glowing, magical, fiery, dark, gossamer


You escaped.
You worshipped Ashenzari.
Ashenzari was exalted by your worship.
You were completely stuffed.

You visited 17 branches of the dungeon, and saw 109 of its levels.
You visited Pandemonium 3 times, and saw 30 of its levels.
You visited the Abyss 5 times.
You visited 2 Ziggurats, and saw 36 of their levels (deepest: 21).
You also visited: Labyrinth, Trove and Volcano.

You collected 14839 gold pieces.
You spent 1725 gold pieces at shops.
You used 8810 gold pieces for miscellaneous purposes.

Inventory:

Hand weapons
 a - a +6,+7 demon whip of flaming
 b - a +9,+9 sacred scourge of holy wrath (weapon)
 I - the +27,-1 knife of Accuracy
   (You found it on level 3 of the Tomb of the Ancients)
Armour
 c - a cursed +2 wizard hat (worn)
 e - the cursed +1 pair of gloves of Hoyruyga (worn) {rF++}
   (You found it in a treasure trove)

   It greatly protects you from fire.
   It has a curse placed upon it.
 v - a cursed +2 elven cloak of preservation (worn)
 w - a cursed +2 pair of boots of levitation (worn)
 W - the cursed +3 large shield of Nala (worn) {+Blink rF+ rC+ rN+}
   (You found it on level 11 of a ziggurat)

   It protects you from fire.
   It protects you from cold.
   It protects you from negative energy.
   It lets you blink.
   It has a curse placed upon it.
Magical devices
 q - a wand of teleportation (9)
 t - a wand of digging (4)
 x - a wand of disintegration (8)
 G - a wand of hasting (2)
 H - a wand of heal wounds (7)
 M - a wand of teleportation (5)
 O - a wand of teleportation (7)
Comestibles
 l - a snozzcumber (quivered)
 s - a piece of ambrosia
 R - 3 royal jellies
Scrolls
 h - a scroll of enchant armour
 j - 4 scrolls of magic mapping
 k - 3 scrolls of silence
 o - 2 scrolls of vulnerability
 B - 2 scrolls of curse jewellery
 D - a scroll of remove curse
 E - 4 scrolls of blinking
 J - a scroll of amnesia
 N - 5 scrolls of identify
 P - a scroll of fog
 T - 7 scrolls of recharging
Jewellery
 i - the cursed ring "Mnomeng" (right hand) {Str+3 Int+4 Dam+8}
   (You found it on level 12 of a ziggurat)

   [ring of slaying]

   It affects your damage-dealing abilities (+8).
   It affects your strength (+3).
   It affects your intelligence (+4).
   It has a curse placed upon it.
 y - the cursed ring "Ymaysuv" (left hand) {SustAb +Rage rElec rPois rC+}
   (You found it in a treasure trove)

   [ring of sustain abilities]

   It protects you from cold.
   It insulates you from electricity.
   It protects you from poison.
   It lets you go berserk.
   It has a curse placed upon it.
 U - a cursed amulet of resist mutation (around neck)
Potions
 f - 12 potions of curing
 g - 5 potions of heal wounds
 n - a potion of magic
 p - 8 potions of restore abilities
 r - 3 potions of might
 u - 9 potions of resistance
 z - 8 potions of porridge
 A - 5 potions of brilliance
 L - 11 potions of cure mutation
 Q - 5 potions of agility
 S - 3 potions of speed
Orbs of Power
 V - the Orb of Zot
Miscellaneous
 K - a crystal ball of energy


   Skills:
 O Level 27 Fighting
 O Level 27 Maces & Flails
 - Level 23,8(27) Dodging
 - Level 13,3(18,2) Stealth
 - Level 26,1(27) Shields
 - Level 15,8 Traps & Doors
 O Level 27 Spellcasting
 - Level 21,0(24,5) Conjurations
 - Level 3,0(6,8) Charms
 - Level 2,0(5,3) Summonings
 - Level 17,6(21,3) Necromancy
 - Level 15,3(19,3) Translocations
 - Level 13,4(17,4) Transmutations
 - Level 15,2(19,2) Ice Magic
 - Level 24,0(27) Air Magic
 + Level 12,7(16,8) Earth Magic
 - Level 23,5(27) Evocations


You had 2 spell levels left.
You knew the following spells:

 Your Spells              Type           Power        Failure   Level  Hunger
a - Necromutation         Trmt/Necr      #########.   1%          8    ##.....
b - Blink                 Tloc           N/A          0%          2    None
c - Iron Shot             Conj/Erth      #########.   1%          6    None
d - Regeneration          Chrm/Necr      ########..   0%          3    None
e - Dispel Undead         Necr           #########    0%          5    None
f - Haste                 Chrm           #######..    8%          6    None
g - Phase Shift           Tloc           #########.   0%          5    None
h - Swiftness             Chrm/Air       ########..   0%          2    None
i - Summon Butterflies    Summ           #######..    1%          1    None
j - Tornado               Air            #########.   2%          9    ####...
k - Control Teleport      Chrm/Tloc      ########..   1%          4    None
s - Deflect Missiles      Chrm/Air       ########..   1%          6    None
x - Iskenderun's Mystic   Conj           #########    0%          4    None
z - Bolt of Cold          Conj/Ice       #########.   1%          6    None
E - Abjuration            Summ           #######...   1%          3    None
Q - Apportation           Tloc           #########.   0%          1    None
X - Orb of Destruction    Conj           #########.   1%          7    None


Dungeon Overview and Level Annotations

Branches:
Dungeon (27/27)            Temple (1/1) D:4             Orc (4/4) D:8
    Elf (3/3) Orc:3          Lair (8/8) D:12          Swamp (5/5) Lair:5
 Spider (5/5) Lair:5        Slime (6/6) Lair:8       Vaults (8/8) D:17
  Blade (0/1) Vaults:5      Crypt (5/5) Vaults:4       Tomb (3/3) Crypt:2
    Dis (7/7) Hell            Geh (7/7) Hell            Coc (7/7) Hell
    Tar (7/7) Hell            Zot (5/5) D:27

Altars:
Ashenzari
Cheibriados
Elyvilon
Fedhas
Kikubaaqudgha
Makhleb
Nemelex Xobeh
Okawaru
Sif Muna
Trog
Vehumet
Yredelemnul
Zin
the Shining One
Jiyva

Shops:
D:10: = D:11: / D:18: [%+(* D:21: ?*% Orc:3: / Orc:4: /=[/ Elf:1: [( Elf:3: ? Vaults:3: * Vaults:7: * Abyss: ((((((

Portals:
Dungeon: Abyss**
Hell: D:21 D:22 D:23 D:24 D:25 D:26 D:27
Abyss: D:21 D:22 D:23 D:25 D:27
Pandemonium: D:22 D:24

Annotations
Orc:2 exclusion: ice statue
Elf:1 exclusion: Roxanne, Roxanne
Lair:1 exclusion: 2 orange crystal statues
Vaults:2 Mara
Crypt:1 exclusion: curse skull
Crypt:3 exclusion: curse skull


Innate Abilities, Weirdness & Mutations

You can spit globs of acid.*
You can corrode armour when you spit acid.*
You are resistant to acid.*
Your golden yellow scales are hard (AC +13).*
Your body does not fit into most forms of armour.
You have acidic saliva.*


Message History

You kill the bat!
You block the ufetubus' attack.
You whack the ufetubus!
You kill the ufetubus!
No target in view!
No target in view!
No target in view!
There is a staircase leading out of the dungeon here.
Your +9,+9 sacred scourge of holy wrath stops glowing.
It bursts into flame!
a - a +6,+7 demon whip of flaming (weapon)
Your +6,+7 demon whip of flaming stops flaming.
It softly glows with a divine radiance!
b - a +9,+9 sacred scourge of holy wrath (weapon)
Quiver which item? (- for none, * to show all) (? for menu, Esc to quit)
Quivering
l - a snozzcumber for throwing.
Eat which item? (? for menu, Esc to quit)
That ambrosia tasted strange.
You feel momentarily confused. Are you sure you want to win?
You have escaped!

#.# #.# #... #.# #.# #...
#.#######.##############
#..................).)..
#####.##.##....#########
#############..##.#####5.#
.....(........##%.###.##.########
############.##...##.#'#.........
#.#..@..'##.##########
############.##...###...##
.............###..##..{..#######
############.# ##.#...<.....)..#
#....(.# #.###.###...(.#####.##
#...##.# #.##...###...## #...
#...##.# #.#..<..'##.#######...
#...##.# #.##...##.#'#.........
#...##.# #..##.####.##.#####...


There were no monsters in sight!

Vanquished Creatures
  Antaeus (Coc:7)
  Asmodeus (Geh:7)
  Cerebov (Pan)
  Gloorx Vloq (Pan)
  Mnoleg (Pan)
  the royal jelly (Slime:6)
  Ereshkigal (Tar:7)
  Dispater (Dis:7)
  Lom Lobon (Pan)
  Khufu (Crypt:4)
  8 ancient liches
  6 orbs of fire (Zot:5)
  the Serpent of Hell (Tar:7)
  56 greater mummies
  Saint Roka (Swamp:3)
  Boris (D:24)
  A seraph (Pan)
  A curse toe (Zot:2)
  2 silver stars
  20 pandemonium lords
  4 Killer Klowns
  Mennas (Vaults:4)
  Geryon (Hell)
  5 golden dragons
  3 pearl dragons
  Xtahua (Vaults:4)
  Frederick (Vaults:5)
  5 electric golems
  11 Hell Sentinels
  24 tentacled monstrosities
  A hellephant (Abyss)
  17 Brimstone Fiends
  12 liches
  25 Orb Guardians (Zot:5)
  2 deep elf blademasters (Elf:3)
  12 titans
  12 storm dragons
  25 shadow dragons
  5 quicksilver dragons
  27 acid blobs
  10 sphinxes
  Agnes (Vaults:4)
  19 daevas
  27 Ice Fiends
  A sphinx (shapeshifter) (Vaults:8)
  12 Shadow Fiends
  Frances (Elf:3)
  12 draconian monks
  The ghost of HungrySpirit the Peltast, a mighty MiFi of Okawaru (D:20)
  41 balrugs
  12 draconian knights
  30 ghouls
  18 bone dragons
  15 iron dragons
  14 draconian scorchers
  19 frost giants
  Wiglaf (Vaults:6)
  A quicksilver dragon zombie (Zig:6)
  35 Executioners
  Louise (Elf:2)
  7 azure jellies
  5 orc warlords
  A kraken zombie (Coc:1)
  17 draconian zealots
  Gastronok (Orc:2)
  19 fire giants
  82 stone giants
  23 angels
  14 draconian shifters
  A quicksilver dragon skeleton (D:18)
  12 draconian annihilators
  29 cacodemons
  10 ghost moths
  9 draconian callers
  2 curse skulls (Crypt:5)
  17 ophanim
  A stone giant (shapeshifter) (D:25)
  21 apis
  10 grey draconians
  7 green draconians
  14 shedu
  38 phoenixes (Pan)
  11 black draconians
  6 pale draconians
  10 deep elf annihilators
  6 yellow draconians
  4 emperor scorpions
  23 green deaths
  5 greater nagas (D:21)
  10 mottled draconians
  9 white draconians
  A deep elf death mage (Vaults:7)
  10 deep elf sorcerers
  2 spriggan defenders (Zig:9)
  4 spriggan air magi
  A titan zombie (Pan)
  62 reapers
  4 purple draconians
  A salamander (Hell)
  5 vampire knights
  Snorg (D:16)
  12 red draconians
  A storm dragon zombie (Zig:11)
  A minotaur (Lab)
  12 ettins
  22 vault guards
  34 mummy priests
  17 blizzard demons
  41 hydras
  8 great orbs of eyes
  10 dragons
  65 yaktaur captains
  5 storm dragon skeletons
  An unborn deep dwarf (Zig:13)
  11 death cobs
  22 ice dragons
  Erica (Orc:3)
  8 lorocyprocas (Pan)
  Josephine (D:11)
  An anaconda zombie (Geh:1)
  11 death oozes
  11 ravenous item mimics
  A sphinx zombie (Vaults:6)
  3 dancing weapons
  3 ravenous feature mimics
  2 anaconda skeletons
  Nessos (Orc:4)
  A golden dragon skeleton (Crypt:4)
  5 deep elf demonologists
  9 alligators
  4 shadow dragon zombies
  2 wolf spider zombies
  3 spriggan berserkers (Zig:9)
  10 anacondas
  15 iron dragon zombies
  5 rakshasas
  2 frost giant zombies
  A spriggan druid (Zig:9)
  6 shadow dragon skeletons
  A fire giant zombie (D:24)
  13 ogre magi
  A deep troll (shapeshifter) (Vaults:8)
  16 death yaks
  12 very ugly things
  9 orc high priests
  A hell hog zombie (Dis:1)
  4 stone giant zombies
  3 deep elf high priests (Elf:3)
  5 vapours
  31 centaur warriors
  3 iron dragon skeletons
  20 iron golems
  53 sun demons
  A dire elephant zombie (Crypt:4)
  26 hell hogs
  2 draconians (shapeshifter)
  7 fire giant skeletons
  Erolcha (Orc:3)
  6 death drakes
  14 stone giant skeletons
  14 catoblepae
  A frost giant skeleton (Abyss)
  50 soul eaters
  23 hell knights
  20 paladins
  16 iron trolls
  6 green draconian zombies
  An alligator snapping turtle zombie (Crypt:5)
  159 skeletal warriors
  11 deep elf knights
  27 cherubim
  35 ice devils
  A giant orange brain (shapeshifter) (Vaults:8)
  4 white draconian zombies
  2 dire elephant skeletons
  20 shadow wraiths
  6 giant orange brains
  A black draconian zombie (Coc:7)
  A ball lightning (Abyss)
  A sea snake (shapeshifter) (D:26)
  An elephant slug zombie (Abyss)
  28 flayed ghosts
  3 death yak zombies
  A purple draconian zombie (Zig:13)
  10 naga warriors
  2 red draconian zombies
  A yellow draconian zombie (Tar:7)
  16 shadow demons
  A pale draconian zombie (Zig:7)
  3 grey draconian zombies
  23 giant amoebae
  An ice statue (Zig:13)
  13 swamp dragons
  4 lindwurms
  8 unseen horrors
  An iron troll zombie (Crypt:3)
  9 necromancers
  3 grey draconian skeletons
  A lindwurm (shapeshifter) (D:21)
  A siren zombie (Zig:8)
  100 large abominations
  2 pale draconian skeletons
  2 crystal golems (Zig:15)
  22 hill giants
  2 red draconian skeletons
  8 yellow draconian skeletons
  A green draconian skeleton (Pan)
  A purple draconian skeleton (Abyss)
  A death yak skeleton (Zig:12)
  5 redback zombies
  4 mottled draconian skeletons
  49 orc knights
  20 harpies
  39 hellions
  4 black draconian skeletons
  7 wizards
  An iron troll skeleton (D:22)
  5 white draconian skeletons
  4 death drake zombies
  15 cyclopes
  51 wolf spiders
  A wolf spider (shapeshifter) (D:27)
  3 harpy zombies
  17 flaming corpses
  29 moths of wrath
  25 phantasmal warriors
  13 shining eyes
  A guardian serpent (shapeshifter) (Vaults:7)
  3 sea snake skeletons
  2 statues
  20 red wasps
  A glowing shapeshifter (D:26)
  6 guardian serpents
  8 orc sorcerers
  9 griffons
  4 catoblepas skeletons
  5 death drake skeletons
  2 minotaur skeletons
  Maurice (Orc:3)
  4 hydra skeletons
  4 siren skeletons
  4 harpy skeletons
  3 red wasp zombies
  5 ice dragon zombies
  15 spiny worms
  3 griffon zombies
  6 oklob plants
  2 ettin zombies
  A guardian serpent zombie (Crypt:1)
  A jumping spider zombie (Dis:7)
  3 trapdoor spider zombies
  A red wasp (shapeshifter) (Vaults:4)
  2 alligator zombies
  A black mamba (shapeshifter) (D:14)
  2 slime creatures (shapeshifter) (D:22)
  5 stone golems
  3 elephant slugs
  104 orange demons
  63 sixfirhies
  26 spiny frogs
  A spiny worm zombie (D:24)
  An elephant (shapeshifter) (Vaults:7)
  2 dragon skeletons
  4 ettin skeletons
  38 black mambas
  An alligator skeleton (Crypt:5)
  2 black draconian simulacra
  3 griffon skeletons
  10 eyes of devastation (Pan)
  An elf skeleton (Crypt:1)
  A feature mimic (Lair:8)
  17 item mimics
  26 rock trolls
  12 ice dragon skeletons
  10 elephants
  A spriggan zombie (Dis:4)
  35 tormentors
  A hill giant zombie (D:21)
  76 yaktaurs
  Psyche (Orc:3)
  117 hellwings
  2 fire crabs
  137 guardian mummies
  136 slime creatures
  17 efreet
  35 demonic crawlers
  A yellow draconian simulacrum (Zig:11)
  8 naga magi
  A yaktaur (shapeshifter) (D:13)
  8 giant leeches
  3 hill giant skeletons
  68 iron devils
  Grinder (D:5)
  4 human zombies
  2 spriggans (shapeshifter)
  2 trolls (shapeshifter) (D:25)
  7 deep troll zombies
  Sonja (Orc:4)
  A snapping turtle (shapeshifter) (Vaults:3)
  12 komodo dragons
  5 rock troll zombies
  26 trolls
  A komodo dragon (shapeshifter) (Vaults:7)
  7 baby alligators
  6 silent spectres
  2 spriggans (Zig:9)
  179 ugly things
  10 hell beasts
  An agate snail zombie (Vaults:5)
  6 humans
  A polar bear (shapeshifter) (Vaults:1)
  3 deep dwarf necromancers
  107 smoke demons
  20 blink frogs
  4 bog bodies
  27 two-headed ogres
  14 brown oozes
  3 grizzly bears
  4 merfolk zombies
  5 wyverns
  10 basilisks
  A raven (Swamp:1)
  12 trapdoor spider simulacra
  5 rock troll skeletons
  A bumblebee (Volcano)
  43 wraiths
  4 deep troll skeletons
  An elephant zombie (Abyss)
  66 yaks
  An air elemental (Pan)
  2 snapping turtle skeletons
  5 swamp dragon zombies
  An ettin simulacrum (Zig:11)
  A deep dwarf scion (Abyss)
  2 blink frog zombies
  2 merfolk skeletons
  42 blue devils
  38 vampires
  32 orb spiders
  57 jumping spiders
  A wyvern (shapeshifter) (D:19)
  2 elephant skeletons
  A rotting hulk (Crypt:1)
  4 merfolk (shapeshifter)
  51 tarantellas
  26 golden eyes
  A hog (Volcano)
  99 vampire mosquitoes
  A hog zombie (Tomb:1)
  76 ynoxinuls
  2 blink frog skeletons
  9 clay golems
  7 deep elf conjurers
  19 metal gargoyles
  A fire elemental (Zig:19)
  21 fire vortices
  81 redbacks
  6 hippogriffs
  5 molten gargoyles (Geh:7)
  14 fire crab zombies
  A hog skeleton (Geh:7)
  14 fire drakes
  51 trapdoor spiders
  A spriggan simulacrum (Crypt:4)
  4 manticores
  81 neqoxecs
  13 hungry ghosts
  3 yaktaur zombies
  A boulder beetle (shapeshifter) (D:25)
  11 deep elf summoners
  A draconian (D:9)
  A raven simulacrum (Tomb:1)
  7 war dogs (Lair:4)
  39 freezing wraiths
  A komodo dragon zombie (Geh:1)
  11 deep elf fighters
  95 hell hounds
  26 chaos spawn
  11 mottled dragons
  2 soldier ants
  14 water elementals
  A giant slug zombie (Crypt:2)
  20 boulder beetles
  A mermaid zombie (Dis:1)
  A wyvern zombie (Crypt:3)
  87 small abominations
  3 cyclops zombies
  A mermaid skeleton (Coc:7)
  3 yaktaur skeletons
  5 hell hound zombies (Dis:1)
  A komodo dragon skeleton (Crypt:2)
  3 rock worms
  2 manticore zombies
  A deep dwarf (D:9)
  4 hell hound skeletons (Dis:1)
  41 swamp worms
  75 orc warriors
  A rock troll simulacrum (Zig:11)
  20 ice beasts
  5 tengu
  4 sky beasts
  2 manticore skeletons
  44 necrophages
  3 cyclops skeletons
  A wyvern skeleton (Crypt:2)
  3 yellow wasps (Spider:2)
  A black bear (Zig:9)
  6 deep elf priests
  101 red devils
  24 giant goldfish
  2 troll zombies
  A bear zombie (Geh:1)
  3 boulder beetle zombies
  13 phantoms
  4 giant goldfish zombies
  A draconian skeleton (Tomb:1)
  A giant goldfish skeleton (Coc:7)
  2 bumblebee zombies
  2 orb spider zombies
  48 centaurs
  11 crocodiles
  59 ogres
  A grizzly bear zombie (Crypt:5)
  A black bear (shapeshifter) (D:22)
  8 boring beetles
  A merfolk simulacrum (Tomb:1)
  17 swamp drakes
  A yak skeleton (D:9)
  2 troll skeletons
  7 lava worms
  29 nagas
  9 big kobolds
  2 boring beetle zombies
  42 rotting devils
  9 brain worms
  3 giant frog zombies
  20 giant slugs
  16 wargs
  A wolf zombie (Tomb:1)
  A wolf skeleton (Crypt:2)
  4 basilisk zombies
  9 agate snails
  2 two-headed ogre zombies
  20 giant frogs
  A black bear zombie (Tomb:1)
  A centaur skeleton (Crypt:3)
  2 centaur zombies
  An octopode zombie (Crypt:3)
  58 insubstantial wisps
  A water moccasin zombie (D:7)
  3 wolves (Zig:9)
  Blork the orc (Orc:1)
  52 water moccasins
  14 deep elf magi
  2 warg zombies
  A water moccasin skeleton (Tomb:3)
  A human simulacrum (Dis:1)
  A basilisk skeleton (D:24)
  2 earth elementals (Zig:15)
  3 giant frog skeletons
  11 eyes of draining
  2 bumblebee simulacra
  A yak simulacrum (D:18)
  A black bear skeleton (Tomb:3)
  7 fire bats (Abyss)
  40 killer bees
  2 warg skeletons
  10 lava fish
  A felid zombie (Dis:4)
  2 queen bee simulacra (Tomb:1)
  30 electric eels
  2 killer bee zombies
  45 jellyfish
  137 wights
  3 deep dwarf zombies
  3 giant goldfish simulacra
  A felid skeleton (Dis:1)
  2 mottled dragon zombies (D:12)
  2 tengu zombies
  57 crimson imps
  A pulsating lump (Slime:6)
  4 brain worm zombies
  10 lava snakes
  An ogre zombie (Crypt:1)
  47 orc priests
  A spider zombie (Tomb:3)
  2 deep dwarf skeletons
  8 goliath beetles
  12 big fish
  87 shadows
  45 spiders
  12 hounds
  7 iguanas
  4 big kobold skeletons
  3 hound zombies
  An octopode simulacrum (Dis:1)
  14 quasits
  2 soldier ant simulacra
  5 scorpions
  A worker ant (shapeshifter) (D:25)
  2 hound skeletons
  11 porcupines
  A worker ant zombie (Coc:7)
  15 deep elf soldiers
  An elf (shapeshifter) (Vaults:8)
  97 iron imps
  37 sheep
  5 orange rat zombies
  52 orc wizards
  A big fish zombie (Coc:7)
  24 orange rats
  A tengu simulacrum (Tomb:3)
  20 worker ants
  Ijyb (D:5)
  A big kobold simulacrum (Dis:1)
  13 boggarts
  A steam dragon skeleton (Geh:3)
  27 jellies
  A worm zombie (Dis:1)
  140 flying skulls
  83 mummies
  17 gnolls
  A halfling zombie (Dis:4)
  65 adders
  4 giant centipedes
  104 green rats
  A scorpion zombie (Dis:3)
  2 giant centipede zombies
  2 iguana zombies
  78 lemures
  83 white imps
  3 adder zombies
  21 shadow imps
  5 giant mites
  A halfling skeleton (Crypt:3)
  An iguana skeleton (D:9)
  A sheep skeleton (Geh:4)
  An adder simulacrum (Crypt:5)
  2 porcupine skeletons
  An iguana simulacrum (Dis:1)
  242 ufetubi
  7 worms
  27 grey rats
  A bat zombie (Crypt:5)
  20 giant eyeballs
  A green rat zombie (Dis:1)
  13 giant geckos
  2 gnoll skeletons
  A gnoll zombie (Dis:6)
  3 green rat skeletons
  An ooze (shapeshifter) (D:26)
  4 oozes
  361 orcs
  A ball python (shapeshifter) (D:27)
  72 bats
  8 giant cockroaches
  31 goblins
  32 hobgoblins
  22 jackals
  19 quokkas
  6 ball pythons
  4 ball python skeletons
  2 giant cockroach zombies
  A giant gecko simulacrum (Tomb:2)
  A giant gecko skeleton (D:23)
  A giant gecko zombie (Dis:1)
  3 giant newts
  3 giant spores
  A goblin skeleton (Crypt:5)
  2 goblin zombies
  A hobgoblin simulacrum (Tomb:1)
  3 human skeletons (D:17)
  3 illusory rakshasas (Abyss)
  A jackal simulacrum (Tomb:2)
  A jackal skeleton (Crypt:5)
  38 kobolds
  A kobold simulacrum (Tomb:1)
  4 kobold skeletons
  2 kobold zombies (D:17)
  4 orc skeletons
  16 orc zombies
  A quokka simulacrum (Tomb:1)
  40 rats
  19 ballistomycetes
  10 bushes
  3 crawling corpses
  9 fungi
  7 macabre masses (Abyss)
  37 plants
  2 tentacles (Coc:1)
  A tentacle segment (Coc:1)
  195 toadstools
9145 creatures vanquished.

Vanquished Creatures (collateral kills)
  A killer bee (D:10)
  An orc (D:10)
2 creatures vanquished.

Vanquished Creatures (others)
  A pandemonium lord (D:23)
  A balrug (Zig:12)
  A draconian scorcher (Zig:20)
  2 fire giants (Zig:17)
  A stone giant (D:25)
  A ghost moth (Spider:5)
  A reaper (Zig:12)
  A green death (Zig:12)
  2 ettins (Zig:17)
  2 blizzard demons
  An ogre mage (D:19)
  A golden dragon skeleton (Tomb:1)
  A catoblepas (Zig:18)
  A skeletal warrior (Tar:3)
  5 ball lightnings (Pan)
  An unseen horror (D:12)
  2 large abominations
  A shadow demon (Pan)
  A flayed ghost (D:22)
  A necromancer (Geh:1)
  4 sixfirhies
  A dragon zombie (Geh:1)
  2 hellwings (Pan)
  3 orange demons (Pan)
  A komodo dragon (D:12)
  A human skeleton (Crypt:5)
  2 blink frogs
  2 two-headed ogres
  A troll (D:12)
  2 trapdoor spider simulacra (Tomb:1)
  A jumping spider (Zig:14)
  A hell beast (Zot:5)
  A fire vortex (D:24)
  A hog (shapeshifter) (Vaults:8)
  2 ynoxinuls (Pan)
  A chaos spawn (Pan)
  2 necrophages
  A molten gargoyle (Geh:7)
  7 small abominations (Pan)
  A cyclops skeleton (Vaults:4)
  A hell hound (Dis:7)
  3 ogres (Vaults:4)
  An orc warrior (Vaults:5)
  A rotting devil (Tomb:1)
  A gnoll sergeant (D:12)
  A giant frog (Swamp:3)
  2 killer bees (D:15)
  2 wights
  An orc priest (Vaults:5)
  A hound (D:7)
  2 iron imps (Pan)
  A worker ant (D:9)
  4 mummies
  3 adders
  5 lemures (Pan)
  A giant centipede (D:11)
  A white imp (Abyss)
  6 ufetubi
  An iguana simulacrum (Tomb:2)
  A green rat skeleton (Tomb:2)
  5 orcs
  A hobgoblin (Orc:1)
  2 giant newts
  2 giant newt skeletons
  7 giant spores
  A goblin (D:1)
  A grey rat skeleton (Crypt:5)
  A hobgoblin simulacrum (Tomb:1)
  A hobgoblin skeleton (Crypt:5)
  3 quokkas
  A quokka simulacrum (Crypt:5)
  A rat (D:8)
  14 fungi
  23 plants
  5 tentacles (Coc:1)
  14 tentacle segments (Coc:1)
  639 toadstools
825 creatures vanquished.

Grand Total: 9972 creatures vanquished

Notes
Turn   | Place    | Note
--------------------------------------------------------------
     0 | D:1      | zkyp, the Draconian Conjurer, began the quest for the Orb.
     0 | D:1      | Reached XP level 1. HP: 14/14 MP: 3/3
   545 | D:1      | Reached XP level 2. HP: 18/20 MP: 4/4
   550 | D:1      | Learned a level 2 spell: Throw Frost
  1415 | D:1      | Reached XP level 3. HP: 18/26 MP: 3/6
  1867 | D:2      | Learned a level 3 spell: Mephitic Cloud
  2256 | D:2      | Reached XP level 4. HP: 33/33 MP: 2/8
  2426 | D:2      | Reached skill level 5 in Conjurations
  2948 | D:2      | Reached skill level 1 in Air Magic
  3746 | D:3      | Reached XP level 5. HP: 38/38 MP: 10/10
  4717 | D:4      | Found a staircase to the Ecumenical Temple.
  4743 | Temple   | Entered the Ecumenical Temple
  4772 | Temple   | Became a worshipper of Ashenzari the Shackled
  4850 | D:4      | Reached XP level 6. HP: 27/45 MP: 1/13
  5272 | D:4      | Noticed an ogre
  5285 | D:4      | Killed an ogre
  5583 | D:4      | Reached skill level 6 in Conjurations
  5961 | D:4      | Your scales start taking on a golden yellow colour.
  5961 | D:4      | Reached XP level 7. HP: 47/50 MP: 15/15
  6002 | D:5      | Entered Level 5 of the Dungeon
  6773 | D:5      | Gained mutation: You have a pair of small horns on your head. [mutagenic meat]
  7650 | D:5      | Reached XP level 8. HP: 57/57 MP: 18/18
  7821 | D:5      | Noticed Grinder
  7843 | D:5      | Found a viscous altar of Jiyva.
  7930 | D:5      | Paralysed by Grinder for 2 turns
  8001 | D:5      | Paralysed by Grinder for 5 turns
  8009 | D:5      | Paralysed by Grinder for 3 turns
  8022 | D:5      | Killed Grinder
  8022 | D:5      | Reached skill level 5 in Spellcasting
  8022 | D:5      | Reached skill level 7 in Conjurations
  8022 | D:5      | Reached skill level 5 in Air Magic
  9425 | D:6      | Noticed Ijyb
  9463 | D:5      | Killed Ijyb
  9642 | D:6      | Reached XP level 9. HP: 42/62 MP: 1/21
 10085 | D:6      | Reached skill level 8 in Conjurations
 10741 | D:7      | Reached skill level 1 in Ice Magic
 11819 | D:8      | Reached skill level 1 in Shields
 11891 | D:8      | Found a staircase to the Orcish Mines.
 13196 | D:9      | Reached skill level 9 in Conjurations
 13196 | D:9      | Reached XP level 10. HP: 63/69 MP: 24/24
 13311 | D:9      | Found an ancient bone altar of Kikubaaqudgha.
 13311 | D:9      | Noticed a wolf spider
 13311 | D:9      | Noticed a giant amoeba
 14436 | D:9      | Found a blossoming altar of Fedhas.
 15043 | D:9      | Reached skill level 5 in Shields
 15902 | D:9      | Reached skill level 5 in Ice Magic
 16347 | D:9      | Learned a level 5 spell: Lightning Bolt
 16796 | D:9      | Killed a giant amoeba
 17001 | D:10     | Entered Level 10 of the Dungeon
 17073 | D:10     | Found Bieseaduat's Jewellery Emporium.
 17402 | D:10     | Reached XP level 11. HP: 72/74 MP: 22/26
 17438 | D:10     | Reached skill level 10 in Conjurations
 18037 | D:9      | Got the long sword of Deformation {slice, -Cast rC+ MR SInv}
 18866 | D:10     | Noticed an unseen horror
 18923 | D:10     | Killed an unseen horror
 20218 | D:11     | Found Joploar's Magical Wand Emporium.
 20277 | D:11     | Acquired Ashenzari's first power
 20514 | D:11     | Learned a level 6 spell: Freezing Cloud
 20521 | D:11     | Learned a level 6 spell: Bolt of Cold
 21301 | D:12     | Noticed Josephine
 21311 | D:11     | Killed Josephine
 21604 | D:12     | Noticed a hill giant
 21945 | D:12     | Reached skill level 11 in Conjurations
 21963 | D:12     | Killed a hill giant
 22784 | D:12     | Noticed an unseen horror
 23199 | D:12     | Reached XP level 12. HP: 81/81 MP: 23/29
 23563 | D:12     | Found a staircase to the Lair.
 24551 | D:12     | Killed an unseen horror
 24869 | Lair:1   | Entered Level 1 of the Lair of Beasts
 26783 | Lair:2   | Found a shattered altar of Ashenzari.
 27128 | Lair:2   | Reached skill level 10 in Spellcasting
 27628 | Lair:2   | Reached skill level 1 in Traps & Doors
 27839 | Lair:3   | Acquired Ashenzari's second power
 28436 | Lair:3   | Reached skill level 12 in Conjurations
 29461 | Lair:3   | Found a dark tunnel.
 29474 | Volcano  | Entered a volcano
 29811 | Volcano  | Found a burning altar of Makhleb.
 30995 | Lair:4   | Acquired Ashenzari's third power
 31136 | Lair:4   | Reached skill level 5 in Traps & Doors
 32107 | Lair:5   | Found a hole to the Spider Nest.
 32219 | Lair:5   | Reached skill level 1 in Fighting
 32593 | Lair:5   | Reached XP level 13. HP: 88/90 MP: 15/31
 32688 | Lair:5   | Found a staircase to the Swamp.
 32851 | Lair:5   | Found a glowing golden altar of the Shining One.
 33644 | Lair:2   | Reached skill level 10 in Ice Magic
 35163 | Lair:7   | Noticed a seven-headed hydra
 35170 | Lair:7   | Killed a seven-headed hydra
 36847 | Lair:7   | Noticed an eight-headed hydra
 36858 | Lair:7   | Killed an eight-headed hydra
 37017 | Lair:8   | Entered Level 8 of the Lair of Beasts
 37031 | Lair:8   | Noticed a five-headed hydra
 37038 | Lair:8   | Killed a five-headed hydra
 37038 | Lair:8   | Reached skill level 5 in Fighting
 37038 | Lair:8   | Reached skill level 13 in Conjurations
 37272 | Lair:8   | Noticed a six-headed hydra
 37281 | Lair:8   | Killed a six-headed hydra
 37984 | Lair:8   | Gained mutation: You have acidic saliva. [draconian growth]
 37984 | Lair:8   | Reached XP level 14. HP: 101/103 MP: 25/32
 38064 | Lair:8   | Reached skill level 5 in Dodging
 38475 | Lair:8   | Found a staircase to the Slime Pits.
 38765 | Lair:8   | Acquired Ashenzari's fourth power
 39462 | Lair:8   | Reached skill level 10 in Traps & Doors
 40220 | Lair:8   | Got an engraved book
 40221 | Lair:8   | Identified the Handbook of Hurtful Intoxication (You found it on level 8 of the Lair of Beasts)
 40480 | Lair:1   | Identified 2 scrolls of acquirement
 40620 | Orc:1    | Entered Level 1 of the Orcish Mines
 41897 | Orc:2    | Noticed Gastronok
 41908 | Orc:2    | Killed Gastronok
 41975 | Orc:1    | Noticed Blork the orc
 41982 | Orc:1    | Killed Blork the orc
 42408 | Orc:2    | Found a burning altar of Makhleb.
 42602 | Orc:2    | Found a deep blue altar of Sif Muna.
 42703 | Orc:2    | Got a rare book
 42705 | Orc:2    | Identified Sif Muna's Handbook of Darkness (You found it on level 2 of the Orcish Mines)
 42967 | Orc:3    | Noticed Erolcha
 42974 | Orc:3    | Killed Erolcha
 43087 | Orc:3    | Found Thrapnir's Magical Wand Emporium.
 43367 | Orc:3    | Noticed Psyche
 43372 | Orc:3    | Killed Psyche
 43460 | Orc:3    | Noticed Erica
 43462 | Orc:3    | Killed Erica
 43526 | Orc:4    | Entered Level 4 of the Orcish Mines
 43883 | Orc:3    | Found a staircase to the Elven Halls.
 43883 | Orc:3    | Noticed Sonja
 43883 | Orc:3    | Noticed Maurice
 43886 | Orc:4    | Killed Sonja
 43993 | Orc:3    | Killed Maurice
 44377 | Orc:4    | Noticed Nessos
 44380 | Orc:4    | Killed Nessos
 45484 | Orc:4    | Reached XP level 15. HP: 115/115 MP: 17/34
 45929 | Orc:4    | Reached skill level 14 in Conjurations
 46013 | Orc:4    | Found Aloashuani's Jewellery Boutique.
 46025 | Orc:4    | Found Phuphaluga's Magical Wand Boutique.
 46027 | Orc:4    | Found Iramaac's Armour Shop.
 46028 | Orc:4    | Found Ghakif's Magical Wand Boutique.
 46041 | Orc:4    | Bought a wand of teleportation (7) for 462 gold pieces
 48315 | D:14     | Entered Level 14 of the Dungeon
 50684 | D:15     | Entered Level 15 of the Dungeon
 51381 | D:15     | Reached skill level 10 in Fighting
 52575 | D:16     | Noticed Snorg
 52588 | D:16     | Killed Snorg
 52712 | D:16     | Reached skill level 15 in Conjurations
 52868 | D:16     | Found a burning altar of Makhleb.
 53226 | D:16     | Gained mutation: You have a pair of horns on your head. [mutagenic meat]
 53227 | D:16     | Gained mutation: Your flesh is heat resistant. [mutagenic meat]
 53229 | D:16     | Gained mutation: You are agile (Dex +1). [mutagenic meat]
 53404 | D:16     | Reached XP level 16. HP: 59/127 MP: 2/35
 54771 | D:17     | Found a staircase to the Vaults.
 54966 | D:16     | puimuR: ooo, rollin dracos like manly men
 55024 | D:16     | zkyp: op class!!1
 55133 | D:17     | puimuR: gloorx ate mine
 55154 | D:17     | puimuR: shed dem crocodile tears
 55470 | D:17     | zkyp: i ate some ugly things
 55470 | D:17     | zkyp: and all igot were some mutations
 55470 | D:17     | zkyp: ;D
 55470 | D:17     | zkyp: You have a pair of horns on your head. You are agile (Dex +1). Your flesh is heat resistant.
 56359 | D:18     | Found Kluumamu's General Store.
 56362 | D:18     | Bought a scroll of teleportation for 39 gold pieces
 56362 | D:18     | Bought a scroll of curse armour for 26 gold pieces
 56366 | D:18     | Found Astihust's Weapon Shop.
 56370 | D:18     | zkyp: speedglaive lol
 56437 | D:18     | Found Ukki's Book Emporium.
 56449 | D:18     | zkyp: finally
 57362 | D:18     | Found Seatefuz's Food Emporium.
 57612 | D:18     | Found Aliad's Armour Boutique.
 58276 | D:18     | Reached skill level 16 in Conjurations
 59653 | D:19     | Reached XP level 17. HP: 134/134 MP: 32/37
 60513 | D:20     | Entered Level 20 of the Dungeon
 62092 | D:20     | Noticed HungrySpirit's ghost (mighty MiFi)
 62097 | D:20     | Killed HungrySpirit's ghost
 62097 | D:20     | Reached skill level 15 in Ice Magic
 63407 | D:9      | Found a deep blue altar of Sif Muna.
 63992 | Elf:1    | Entered Level 1 of the Elven Halls
 64427 | Elf:1    | Found Biv Cud's Antique Armour Shoppe.
 64543 | Elf:1    | Found Afumuvuu's Weapon Boutique.
 65034 | Elf:1    | Noticed Roxanne
 65530 | Elf:2    | Learned a level 2 spell: Blink
 65532 | Elf:2    | Learned a level 1 spell: Apportation
 65845 | Elf:2    | Noticed Louise
 65849 | Elf:2    | Killed Louise
 66312 | Elf:3    | Entered Level 3 of the Elven Halls
 66320 | Elf:3    | Noticed Frances
 66332 | Elf:3    | Killed Frances
 66478 | Elf:3    | Found Rol Ceav's Magic Scroll Shop.
 67931 | Elf:3    | Cast into the Abyss (deep elf sorcerer)
 67960 | Abyss    | Learned a level 3 spell: Abjuration
 68004 | Abyss    | puimuR: neat muts :D
 68015 | Abyss    | puimuR: you ate 3 in a row ? :D
 68228 | Abyss    | Reached skill level 15 in Spellcasting
 68273 | Abyss    | Found a corrupted altar of Lugonu.
 68307 | Abyss    | zkyp: 2 first, 1 later on
 68897 | Abyss    | Found a shimmering altar of Xom.
 69027 | Abyss    | Reached skill level 10 in Shields
 69045 | Elf:3    | Escaped the Abyss.
 69623 | Elf:3    | zkyp: :D
 69623 | Elf:3    | Cast into the Abyss (deep elf sorcerer)
 69842 | Abyss    | Gained mutation: You are frail (-10% HP). [a neqoxec]
 69945 | Elf:3    | Escaped the Abyss.
 70737 | Elf:3    | Identified the ring "Loam" (You took it off a deep elf high priest on level 3 of the Elven Halls)
 71165 | Elf:3    | Noticed a deep elf blademaster
 71175 | Elf:3    | Killed a deep elf blademaster
 72199 | Elf:3    | Got the morningstar "Plyuss" {holy, rC+}
 72213 | Elf:3    | Noticed a deep elf blademaster
 72248 | Elf:3    | Killed a deep elf blademaster
 72484 | Elf:3    | Identified the +1 pair of gloves of Prets
 72725 | Elf:3    | Reached XP level 18. HP: 126/126 MP: 38/38
 73167 | Elf:3    | Got a levitating book
 73175 | Elf:3    | Identified the Reference Book on the Traveller and Enhancements (You found it on level 3 of the Elven Halls)
 73357 | Elf:3    | Learned a level 2 spell: Swiftness
 73360 | Elf:3    | Learned a level 2 spell: Cure Poison
 73820 | Lair:1   | Gained mutation: You cover ground slowly. [potion of mutation]
 73822 | Lair:1   | Lost mutation: You are frail (-10% HP). [potion of cure mutation]
 73822 | Lair:1   | Lost mutation: You are agile (Dex +1). [potion of cure mutation]
 73822 | Lair:1   | Lost mutation: You cover ground slowly. [potion of cure mutation]
 73822 | Lair:1   | Lost mutation: Your flesh is heat resistant. [potion of cure mutation]
 74034 | Spider:1 | Entered Level 1 of the Spider Nest
 76071 | Spider:2 | puimuR: You finish putting on the +1 pair of boots of Shyemn {god gift, +Rage rN+ Dex+3 Int+3 Dam+4}
 76075 | Spider:1 | puimuR: oka, my nigga
 76075 | Spider:1 | zkyp: life is unfair
 81021 | Spider:4 | Reached skill level 1 in Translocations
 84234 | Spider:5 | Entered Level 5 of the Spider Nest
 85150 | Spider:5 | Reached XP level 19. HP: 148/148 MP: 33/40
 85959 | Spider:5 | Reached skill level 17 in Spellcasting
 85969 | Spider:5 | Gained mutation: Your spells are a little harder to cast, but a little more powerful. [mutagenic meat]
 86303 | Spider:5 | zkyp: lag lag lag lag
 89681 | Spider:5 | Got a gossamer rune of Zot
 90170 | Swamp:1  | Entered Level 1 of the Swamp
 90372 | Swamp:1  | Reached skill level 1 in Summonings
 91947 | Swamp:1  | Reached skill level 18 in Spellcasting
 93831 | Swamp:3  | Reached skill level 1 in Evocations
 94942 | Swamp:3  | Noticed Saint Roka
 95175 | Swamp:3  | Killed Saint Roka
 95175 | Swamp:3  | Reached XP level 20. HP: 142/157 MP: 18/41
 96122 | Swamp:4  | Identified the cursed +1 large shield of Analysis (You acquired it on level 4 of the Swamp)
 96510 | Swamp:4  | Got the war axe of Resourcefulness {drain, rC+}
 96866 | Swamp:4  | Reached skill level 5 in Evocations
 97255 | Swamp:5  | Entered Level 5 of the Swamp
 97256 | Swamp:5  | Identified the -6,+1 war axe of Resourcefulness {drain, rC+} (You found it on level 4 of the Swamp)
 98128 | Swamp:5  | Got a decaying rune of Zot
 99233 | Swamp:5  | Reached skill level 19 in Spellcasting
100441 | Vaults:1 | Entered Level 1 of the Vaults
100518 | Vaults:1 | Found a labyrinth entrance.
100563 | Lab      | Entered a labyrinth
103044 | Vaults:2 | Reached XP level 21. HP: 156/163 MP: 30/43
103559 | Vaults:2 | Reached skill level 20 in Spellcasting
103698 | Vaults:2 | Gained mutation: Your magical capacity is low (-10% MP). [mutagenic meat]
103791 | Vaults:2 | Gained mutation: You have supernaturally acute eyesight. [mutagenic meat]
103945 | Vaults:2 | Noticed Mara
104191 | Vaults:3 | Gained mutation: You have a fast metabolism. [mutagenic meat]
104811 | Vaults:3 | Gained mutation: You are dopey (Int -1). [mutagenic meat]
104812 | Vaults:3 | Gained mutation: You are dopey (Int -2). [mutagenic meat]
104868 | Vaults:3 | Gained mutation: You are frail (-10% HP). [mutagenic meat]
104870 | Vaults:3 | Gained mutation: You are very frail (-20% HP). [mutagenic meat]
104917 | Vaults:3 | Lost mutation: You are dopey (Int -2). [mutagenic meat]
104919 | Vaults:3 | Lost mutation: You are dopey (Int -1). [mutagenic meat]
105099 | Vaults:3 | Gained mutation: Your flesh is heat resistant. [mutagenic meat]
105179 | Vaults:3 | Found Pnua's Assorted Antiques.
105187 | Vaults:3 | Bought a potion of curing for 78 gold pieces
105187 | Vaults:3 | Bought a potion of curing for 78 gold pieces
105187 | Vaults:3 | Bought a metal-bound book for 585 gold pieces
105647 | Vaults:2 | Found an iron altar of Okawaru.
106416 | Vaults:4 | Noticed Xtahua
106418 | Vaults:4 | Killed Xtahua
107375 | Vaults:4 | Found a staircase to the Crypt.
107735 | Vaults:4 | Noticed Agnes
108076 | Vaults:4 | Noticed Mennas
108084 | Vaults:4 | Killed Mennas
108084 | Vaults:4 | Reached skill level 21 in Spellcasting
108350 | Vaults:4 | Gained mutation: You have large cloven feet. [mutagenic meat]
109466 | Vaults:4 | Killed Agnes
109965 | Vaults:5 | Reached XP level 22. HP: 136/136 MP: 33/39
110066 | Vaults:5 | Found a staircase to the Hall of Blades.
110187 | Vaults:5 | Lost mutation: You have a fast metabolism. [mutagenic meat]
110344 | Vaults:5 | Noticed Frederick
110346 | Vaults:5 | Killed Frederick
111460 | Vaults:5 | Lost mutation: You have large cloven feet. [mutagenic meat]
111695 | Vaults:6 | Noticed Wiglaf
111856 | Vaults:6 | Lost mutation: You have supernaturally acute eyesight. [mutagenic meat]
111857 | Vaults:6 | Lost mutation: You have a pair of horns on your head. [mutagenic meat]
111858 | Vaults:6 | Gained mutation: Your muscles are flexible, but weak (Str -1, Dex +1). [mutagenic meat]
112231 | Vaults:6 | Reached skill level 22 in Spellcasting
112549 | Vaults:6 | Identified a cursed +2 elven cloak of preservation (You acquired it on level 6 of the Vaults)
112721 | Vaults:6 | Killed Wiglaf
113850 | Vaults:7 | Gained mutation: You are clumsy (Dex -1). [mutagenic meat]
113851 | Vaults:7 | Gained mutation: You evolve. [mutagenic meat]
113852 | Vaults:7 | Gained mutation: Your flesh is very heat resistant. [mutagenic meat]
113988 | Vaults:7 | Found Stuom's Assorted Antiques.
113991 | Vaults:7 | Bought a potion of heal wounds for 72 gold pieces
113991 | Vaults:7 | Bought a scroll of enchant armour for 132 gold pieces
114256 | Vaults:7 | Gained mutation: You have large cloven feet. [evolution]
114443 | Vaults:7 | Lost mutation: You are clumsy (Dex -1). [a Zot trap]
115907 | Slime:1  | Entered Level 1 of the Pits of Slime
116131 | Slime:1  | Paralysed by a giant eyeball for 2 turns
116137 | Slime:1  | Paralysed by a giant eyeball for 2 turns
117206 | Slime:2  | Paralysed by a giant eyeball for 2 turns
117255 | Slime:2  | Found an ancient bone altar of Kikubaaqudgha.
117260 | Slime:2  | Reached XP level 23. HP: 142/142 MP: 28/41
117266 | Slime:2  | Reached skill level 23 in Spellcasting
118377 | Slime:3  | Paralysed by a giant eyeball for 3 turns
118996 | Slime:6  | Entered Level 6 of the Pits of Slime
120133 | Slime:6  | Found a viscous altar of Jiyva.
120145 | Slime:6  | Noticed the royal jelly
120163 | Slime:6  | Killed the royal jelly
120163 | Slime:6  | Reached skill level 24 in Spellcasting
121135 | Slime:6  | Identified the cursed ring "Khyeff"
121635 | Lair:1   | Learned a level 6 spell: Bolt of Fire
122187 | Slime:6  | Got a torn book
122192 | Slime:6  | Got a slimy rune of Zot
122194 | Slime:6  | Got a sparkling book
122223 | Slime:6  | Got a blackened book
122283 | Slime:6  | Identified the Disquisition on Calling and Flight (You found it on level 6 of the Pits of Slime)
122283 | Slime:6  | Identified the Grimoire of Shifting Enhancements (You found it on level 6 of the Pits of Slime)
122283 | Slime:6  | Identified Vuemargh's Spellcasting, Part Two (You found it on level 6 of the Pits of Slime)
122617 | Lair:1   | Learned a level 4 spell: Iskenderun's Mystic Blast
122625 | Lair:1   | Learned a level 7 spell: Orb of Destruction
122625 | Lair:1   | zkyp: breaktime
122632 | Lair:1   | Learned a level 6 spell: Iron Shot
122914 | D:21     | Found Lymaom's Assorted Antiques.
123354 | D:21     | Found a gateway to Hell.
123797 | D:21     | Found a one-way gate to the infinite horrors of the Abyss.
123907 | D:21     | Found Ypeqiu's Magic Scroll Emporium.
123975 | D:21     | Bought a scroll of teleportation for 66 gold pieces
123975 | D:21     | Bought a scroll of teleportation for 66 gold pieces
123975 | D:21     | Bought a scroll of recharging for 121 gold pieces
124026 | D:21     | Reached XP level 24. HP: 62/143 MP: 0/42
124319 | D:21     | Cyqox's Book Shoppe was a mimic.
124767 | D:21     | Found Ghamuph's Food Emporium.
128700 | D:22     | Reached skill level 1 in Earth Magic
129169 | D:22     | Found a one-way gate leading to the halls of Pandemonium.
131272 | D:22     | puimuR: still alive n kickin aye
131272 | D:22     | zkyp: ez rapist
131451 | D:22     | zkyp: finally got some spells
131451 | D:22     | zkyp: thanks to slime
131580 | D:22     | puimuR: freezin clouded the big jelly?
131597 | D:22     | Paralysed by a great orb of eyes for 4 turns
131831 | D:22     | zkyp: ya
131878 | D:22     | puimuR: i just did slime too, needed 3 fkn tries to kill dat big one
131879 | D:22     | puimuR: res cor amu wouldve been cool
131889 | D:22     | zkyp: :C
131889 | D:22     | zkyp: YELLOW DRAC
131937 | D:22     | zkyp: only useful thing is doing slime with yellow
131937 | D:22     | puimuR: going blade handed in the corridor can go south
131937 | D:22     | zkyp: fucking racid shit colour
131937 | D:22     | puimuR: i got dat IRON SON
131986 | D:22     | puimuR: DARK GREY BREATHLESS DRAGON OF TEH NIGHT
131999 | D:22     | zkyp: :C
131999 | D:22     | ens: iron shot is win
131999 | D:22     | zkyp: RANDOM BREATH
131999 | D:22     | puimuR: na its the +5 AC SON
132808 | D:23     | Reached skill level 25 in Spellcasting
133914 | D:23     | Reached XP level 25. HP: 148/148 MP: 30/43
135037 | D:24     | Identified a +0 rod of demonology (13/13) (You found it on level 24 of the Dungeon)
135500 | D:24     | Noticed Boris
135654 | D:24     | Killed Boris
136038 | D:24     | puimuR: you like Ash for casters ?
136394 | D:23     | zkyp: i dont play pure casters that much
136394 | D:23     | zkyp: but ash rocks for sure
136531 | D:23     | Got the staff of Cheibriados' Hatred {drain, rN+ Int+4 SInv}
137029 | D:24     | Found a portal to a secret trove of treasure.
137040 | D:24     | zkyp: oh nice
138797 | D:25     | Entered Level 25 of the Dungeon
140353 | D:25     | Reached skill level 15 in Shields
141372 | D:26     | Reached XP level 26. HP: 91/149 MP: 31/43
141767 | D:26     | Reached XP level 25. HP: 143/143 MP: 31/43
142512 | D:27     | Entered Level 27 of the Dungeon
142656 | D:27     | Reached XP level 26. HP: 149/149 MP: 43/43
143128 | D:27     | zidji: going into zot?
143129 | D:27     | zkyp: hmm, not yet
143129 | D:27     | zkyp: still have the crypt to do
143667 | D:27     | zidji: looks like a funky spell selection
143784 | D:27     | zkyp: i didnt have any conj spells 'till i did the slime pitts
143784 | D:27     | zidji: ice and fire?
143784 | D:27     | zidji: hehe just making it work
143784 | D:27     | zkyp: well, when I found the firespells my spellcasting was so high
143784 | D:27     | zkyp: i could just learn it
144563 | D:27     | zidji: what makes iron shot so strong?
144647 | D:27     | zkyp: my spellcasting I guess
144698 | D:27     | zidji: a scourge !
144968 | D:27     | zkyp: looks like my drac is pissing acid
144968 | D:27     | zidji: lol
144968 | D:27     | zidji:
144968 | D:27     | zidji: looks good
144968 | D:27     | zidji:
144971 | D:27     | zidji: is it branded? didnt see
144971 | D:27     | zkyp: its holy
144971 | D:27     | zidji: duh lol
144971 | D:27     | zkyp: ;p
145027 | D:27     | Noticed a silver star
145030 | D:27     | zidji: how many runes u got?
145031 | D:27     | zidji: going out with 3?
145031 | D:27     | zkyp: nah
145031 | D:27     | zkyp: gonna do crypt then v8
145031 | D:27     | zkyp: get 4th
145031 | D:27     | zkyp: then zot
145031 | D:27     | zkyp: then ill see
145039 | D:27     | Found a glowing silver altar of Zin.
145062 | D:27     | zidji: too bad u are not a fighter that scourge would carry the extender game
145068 | D:27     | zkyp: well, guess ill have all the spells i need
145068 | D:27     | zkyp: so will do fighting and shit after that
145418 | D:27     | Killed a silver star
145594 | D:27     | zkyp: another \o/
146029 | D:21     | Gained mutation: You have supernaturally acute eyesight. [mutagenic meat]
146873 | Lair:1   | Learned a level 2 spell: Repel Missiles
146877 | Lair:1   | Learned a level 3 spell: Flight
146882 | Lair:1   | Learned a level 4 spell: Control Teleport
147386 | Crypt:1  | Entered Level 1 of the Crypt
147457 | Crypt:1  | Reached skill level 1 in Maces & Flails
147691 | Crypt:1  | Reached skill level 26 in Spellcasting
148429 | Crypt:1  | Found a basalt altar of Yredelemnul.
149696 | Crypt:2  | Found a staircase to the Tomb.
150929 | Crypt:2  | Noticed a greater mummy
150967 | Crypt:2  | Killed a greater mummy
150967 | Crypt:2  | Reached skill level 5 in Maces & Flails
151825 | Crypt:2  | Got a yellowed book
151826 | Crypt:2  | Identified Sif Muna's Incunabulum of Nocuous Combat Magic (You found it on level 2 of the Crypt)
151830 | Crypt:2  | Reached XP level 27. HP: 159/159 MP: 38/44
151917 | Crypt:2  | Noticed a greater mummy
152169 | Crypt:2  | Killed a greater mummy
153588 | Crypt:3  | Identified the ring "Iwki"
154637 | Crypt:4  | Noticed a greater mummy
154639 | Crypt:4  | Noticed a greater mummy
154641 | Crypt:4  | Noticed Khufu
155117 | Crypt:4  | Killed a greater mummy
156126 | Crypt:4  | Killed a greater mummy
156231 | Crypt:4  | Killed Khufu
156680 | Crypt:5  | Entered Level 5 of the Crypt
157166 | Crypt:5  | Reached skill level 10 in Maces & Flails
158633 | Crypt:5  | Noticed an ancient lich
158641 | Crypt:5  | Killed an ancient lich
159748 | Crypt:5  | Identified the +0 buckler "Bolo"
159748 | Crypt:5  | Identified the amulet "Crent"
161352 | Vaults:8 | Entered Level 8 of the Vaults
163015 | Vaults:8 | Reached skill level 1 in Charms
164550 | Vaults:8 | Identified the amulet of Eternal Harmony
164707 | Vaults:8 | Identified the ring "Xuyr"
166087 | Vaults:8 | Reached skill level 15 in Maces & Flails
166531 | Vaults:8 | puimuR: ninjad the demonic rune from hellion island :D
166531 | Vaults:8 | puimuR: 12hp, solid
166531 | Vaults:8 | zkyp: fuck that island
166531 | Vaults:8 | zkyp: demonic spawns over and over, only a crazy man would go for it!
166531 | Vaults:8 | zkyp: oh wait, ITS NEKS
166531 | Vaults:8 | zkyp: ;-D
166563 | Vaults:8 | puimuR: the clocks tickin :S
166758 | Vaults:8 | puimuR: some superhero got a 55k 15 rune draco
166908 | Vaults:8 | Got a torn book
167197 | Vaults:8 | Identified the Disquisition on Blows and Bruises and Creation (You found it on level 8 of the Vaults)
167489 | Vaults:8 | Got a silver rune of Zot
167554 | Vaults:8 | zkyp: STILL NO ICESTORM MAN
167554 | Vaults:8 | zkyp: :-------------(
167920 | Lair:1   | Learned a level 1 spell: Fulsome Distillation
169360 | D:22     | Got a glistering book
169361 | D:22     | Identified the Almanac of Beguiling (You found it on level 22 of the Dungeon)
169886 | D:25     | puimuR: :S
169890 | D:25     | Noticed a golden dragon
169983 | D:25     | puimuR: crystalspear ?
170038 | D:25     | zkyp: nope
170369 | D:25     | puimuR: thats why i run Veh like a lama XD
170372 | D:25     | puimuR: you only gotta remember to pump conjurations
170380 | D:25     | puimuR: he'll arrange the rest
170380 | D:25     | puimuR: :D
170401 | D:25     | zkyp: my last caster was veh
170401 | D:25     | zkyp: 8<
171158 | D:25     | Killed a golden dragon
171158 | D:25     | Reached skill level 10 in Dodging
172044 | D:17     | puimuR: fuckingshitballs
172044 | D:17     | puimuR: escaped pan, havent found an abyss gate yet in D
172044 | D:17     | puimuR: and the closest disto weapon is at lair2
172044 | D:17     | zkyp: wat
172044 | D:17     | zkyp: i thought it always spawned somewhere
172044 | D:17     | zkyp: did you go to hell yet?
172054 | D:17     | puimuR: nope pan first
172179 | Lair:1   | puimuR: AHA FOUND ONE
172179 | Lair:1   | zkyp: might be one on hell exit
172639 | Zot:1    | Entered Level 1 of the Realm of Zot
174972 | Zot:2    | puimuR: aww shit, got regen1, rpois, clarity, antennas, dex+1, int+1 from mut pots :D
174998 | Zot:2    | puimuR: AND I GOT LIKE 15 LEFT SON
174998 | Zot:2    | zkyp: pft
174998 | Zot:2    | zkyp: you have nothing on my frail level 2
175141 | Zot:2    | puimuR: the only bad one is unfitting armor
175141 | Zot:2    | puimuR: which doesnt apply as im draco :D
175340 | Zot:2    | Noticed a curse toe
175342 | Zot:2    | Killed a curse toe
175693 | Zot:2    | zkyp: speaking off armour
175693 | Zot:2    | zkyp: ALL I WANT IS DRAGONA RMOUR
175693 | Zot:2    | zkyp: SO CAN OPEN THIS STUPID TROVE
175693 | Zot:2    | zkyp: BUT NOOOOOOOOOOOOOOOOOOOOO NO DROPS
175878 | Zot:3    | puimuR: no luck skinning em either ?
175889 | Zot:3    | zkyp: none
177027 | Zot:3    | zidji: lol
177030 | Zot:3    | zidji: have u trained maces?
177030 | Zot:3    | zkyp: forgot they had hellfire
177030 | Zot:3    | zkyp: ;D
177030 | Zot:3    | zkyp: yes
179481 | Zot:3    | Noticed an orb of fire
179481 | Zot:3    | Noticed a Killer Klown
180035 | Zot:3    | Killed a Killer Klown
182052 | Zot:4    | Noticed a Killer Klown
182059 | Zot:4    | Killed a Killer Klown
183050 | Zot:5    | Entered Level 5 of the Realm of Zot
184420 | Zot:5    | Noticed an ancient lich
184423 | Zot:5    | Killed an ancient lich
184628 | Zot:5    | Noticed an ancient lich
184741 | Zot:5    | Noticed an orb of fire
184745 | Zot:5    | Noticed an ancient lich
184758 | Zot:5    | Killed an orb of fire
184760 | Zot:5    | Noticed a Killer Klown
184760 | Zot:5    | Noticed an orb of fire
184760 | Zot:5    | Noticed an orb of fire
184760 | Zot:5    | Noticed an orb of fire
184762 | Zot:5    | Noticed an ancient lich
184766 | Zot:5    | puimuR: aww yea, just in time for the grand finale
184766 | Zot:5    | zkyp: hahha
184766 | Zot:5    | zkyp: i hasted myself
184766 | Zot:5    | zkyp: instead of teleport
184766 | Zot:5    | zkyp: :DDDDDDDD
184771 | Zot:5    | Lost mutation: You have supernaturally acute eyesight. [an orb of fire]
184775 | Zot:5    | puimuR: hmm, might consider blinkign
184780 | Zot:5    | Noticed a Killer Klown
184780 | Zot:5    | Noticed an ancient lich
184781 | Zot:5    | Noticed an orb of fire
184781 | Zot:5    | Noticed an orb of fire
184783 | Zot:5    | puimuR: why did you tele again :D
184786 | Zot:5    | zkyp: ohhhshit
184787 | Zot:5    | puimuR: balls of steel
184787 | Zot:5    | puimuR: id prolly walk SW
184787 | Zot:5    | puimuR: youre as fast as the draco
184788 | Zot:5    | puimuR: and you wont be in range for the orb to blast you
184788 | Zot:5    | zkyp: WHERE IS MY TELEPORT GAME
184789 | Zot:5    | puimuR: now i might step SE as the lich might
184789 | Zot:5    | puimuR: :D:D:D:
184789 | Zot:5    | zkyp: m8 lich
184789 | Zot:5    | zkyp: let me go???? : - ))
184789 | Zot:5    | zkyp: hmmmmmmmm
184789 | Zot:5    | puimuR: is that a teletrap ?:D
184789 | Zot:5    | zkyp: yes
184789 | Zot:5    | zkyp: he wont fall for it
184789 | Zot:5    | puimuR: cant tell from the tiles
184789 | Zot:5    | zkyp: liches 2smart
184789 | Zot:5    | zkyp: wtf
184789 | Zot:5    | zkyp: damn asciihaxor
184789 | Zot:5    | puimuR: you got butterflies?
184789 | Zot:5    | zkyp: lolno
184789 | Zot:5    | puimuR: they the best son
184789 | Zot:5    | puimuR: seriously
184789 | Zot:5    | zkyp: antinikolaspell
184789 | Zot:5    | zkyp: guess il have to try and make a run for it
184789 | Zot:5    | puimuR: theyre so damn useful tho, for kiting and LOS etc
184789 | Zot:5    | puimuR: no fogs ?
184789 | Zot:5    | zkyp: i do
184789 | Zot:5    | zkyp: but i have to go down
184789 | Zot:5    | zkyp: so ill have to take a few steps before i can use it
184790 | Zot:5    | puimuR: yea, thats what id do
184791 | Zot:5    | zkyp: ARGHHHH
184791 | Zot:5    | zkyp: FOG
184791 | Zot:5    | zkyp: OR ABDURE
184791 | Zot:5    | puimuR: tough call
184791 | Zot:5    | zkyp: :C
184791 | Zot:5    | zkyp: OR RUN
184791 | Zot:5    | puimuR: if you take a step
184791 | Zot:5    | puimuR: the lich cant target you the next turn
184791 | Zot:5    | puimuR: as hes gotta move next to the mushr00m
184792 | Zot:5    | puimuR: however the caco migh
184792 | Zot:5    | zkyp: hmm
184792 | Zot:5    | zkyp: im in range of both now
184792 | Zot:5    | puimuR: you arent considering fighting are you ? :D
184792 | Zot:5    | HP: 7/177 [ancient lich/bolt of cold (10)]
184793 | Zot:5    | zkyp: ;D
184793 | Zot:5    | puimuR: dude
184793 | Zot:5    | puimuR: now you can tell the liches spell set
184793 | Zot:5    | zkyp: anything will kill me, it doesnt really matter
184793 | Zot:5    | zkyp: :<
184793 | Zot:5    | puimuR: hes got orb and iskender
184793 | Zot:5    | puimuR: :((
184793 | Zot:5    | puimuR: Orb of Destruction (8d19), Bolt of Cold (3d37), Iskenderun's Mystic Blast (3d30), Invisibility, Animate Dead
184793 | Zot:5    | puimuR: its either fog now or take a step and then fog
184793 | Zot:5    | puimuR: the fog might be thick enuff if you fog now though
184793 | Zot:5    | puimuR: as its randomized
184793 | Zot:5    | puimuR: *might not be
184793 | Zot:5    | puimuR: so the best scenario would be that the lich let you take another step and then fog
184793 | Zot:5    | zkyp: hmm, think it will always take aturn before it goes fog
184793 | Zot:5    | zkyp: thick*
184793 | Zot:5    | puimuR: cause then the fog would most likely carry you to the exit
184793 | Zot:5    | zkyp: well, gonna take a step
184793 | Zot:5    | zkyp: hopefully the hasting will FINALLY give me an extra turn
184793 | Zot:5    | zkyp: ;D
184796 | Zot:5    | puimuR: argh
184796 | Zot:5    | puimuR: you shouldve gone sw
184796 | Zot:5    | zkyp: FUCKA
184796 | Zot:5    | puimuR: :D
184796 | Zot:5    | puimuR: not S
184796 | Zot:5    | puimuR: misclick ? :D
184796 | Zot:5    | zkyp: i dont want to talk about it!11
184796 | Zot:5    | zkyp: hmm, if i go SE, ill be behind the fog right?
184796 | Zot:5    | puimuR: yeah
184796 | Zot:5    | puimuR: but then youre trapped
184796 | Zot:5    | puimuR: or
184796 | Zot:5    | zkyp: maybe teleport lottery will be better than near certain death
184796 | Zot:5    | puimuR: actually
184796 | Zot:5    | puimuR: the lich might come straight at you
184796 | Zot:5    | puimuR: in which case
184796 | Zot:5    | puimuR: if you get an extra move from the haste
184796 | Zot:5    | puimuR: you might be able to run SW after the initial SE
184796 | Zot:5    | zkyp: hmm
184796 | Zot:5    | zkyp: lets see what happens
184796 | Zot:5    | puimuR: I mean if you go S now
184796 | Zot:5    | zkyp: it doesnt really matter, if I go S now
184796 | Zot:5    | puimuR: or if you go SW now
184796 | Zot:5    | puimuR: the lichll go S
184796 | Zot:5    | zkyp: he'll catch up to me before I get to the entrance
184796 | Zot:5    | zkyp: or atleast get a free shot off
184796 | Zot:5    | puimuR: yeah but consider this move: SE, SW, W, SW
184796 | Zot:5    | puimuR: you might "lure" the lich in the fog
184796 | Zot:5    | puimuR: :D
184796 | Zot:5    | zkyp: mmm
184796 | Zot:5    | puimuR: humm
184796 | Zot:5    | zkyp: will only work if i get an extra step from haste
184796 | Zot:5    | puimuR: not sure if thats the right plan tho
184796 | Zot:5    | puimuR: as it takes one more step to get to the exit that way
184796 | Zot:5    | puimuR: but if you go straight to the exit
184796 | Zot:5    | Edgeworth: Shit your pants and swim
184796 | Zot:5    | zkyp: if i go straight for the exit ill die
184796 | Zot:5    | zkyp: so its either your dance
184796 | Zot:5    | zkyp: or take a SW step, teleport
184796 | Zot:5    | zkyp: drink them potions in the hope i can survive one shot
184796 | Zot:5    | puimuR: hmm, the steps i described might not work come to think of it
184796 | Zot:5    | zkyp: and hope i land somewhere not in the vault
184799 | Zot:5    | zkyp: hmm
184799 | Zot:5    | puimuR: you teled
184799 | Zot:5    | zkyp: if I go NE, he wont see me right?
184799 | Zot:5    | puimuR: yeah
184801 | Zot:5    | zkyp: what a prick
184801 | Zot:5    | puimuR: try SW
184802 | Zot:5    | puimuR: 2 tiles of fog
184802 | Zot:5    | puimuR: yeah
184802 | Zot:5    | puimuR: shit, if you couldve danced like this to the exit
184802 | Zot:5    | puimuR: if you get an extra move from the haste
184802 | Zot:5    | puimuR: this mightve worked :D
184802 | Zot:5    | puimuR: fingers crossed for the tele :D
184802 | Zot:5    | zkyp: there's still the 1shot potential fromt he drac ;z
184803 | Zot:5    | puimuR: !!!!!
184805 | Zot:5    | Edgeworth: More tele :o
184836 | Zot:5    | puimuR: NONONONOO
184836 | Zot:5    | puimuR: go to the corner :D
184836 | Zot:5    | puimuR: regen
184843 | Zot:5    | zkyp: time to teleport next to the orb
